 Dungeon Crawl Stone Soup version 0.21.1-1-g345015fe64 (webtiles) character file.

574 KleinerIrrer the Chopper (level 7, -1/44 HPs)
             Began as a Gargoyle Berserker on Apr 2, 2018.
             Was a Priest of Trog.
             Killed from afar by an orc wizard (3 damage)
             ... with a magic dart
             ... on level 4 of the Dungeon.
             The game lasted 00:01:01 (3661 turns).

KleinerIrrer the Chopper (Gargoyle Berserker)       Turns: 3661, Time: 00:01:02

Health: -1/44      AC: 14    Str: 22    XL:     7   Next: 35%
Magic:  7/7        EV: 10    Int:  8    God:    Trog [***...]
Gold:   161        SH:  0    Dex:  9    Spells: 6/6 levels left

rFire    . . .     SeeInvis .   Y - +0 broad axe
rCold    . . .     Gourm    .   (no shield)
rNeg     + . .     Faith    .   g - +0 scale mail
rPois    ∞         Spirit   .   b - +0 helmet
rElec    +         Reflect  .   (no cloak)
rCorr    .         Harm     .   o - +0 pair of gloves
MR       .....                  h - +0 pair of boots
Stlth    ..........             (no amulet)
HPRegen  0.14/turn              (no ring)
MPRegen  0.10/turn              (no ring)

@: slowed, very slow
A: negative energy resistance 1, electricity resistance, unbreathing,
petrification resistance, rot immunity, AC +4
a: Berserk, Trog's Hand, Burn Spellbooks, Renounce Religion


You were on level 4 of the Dungeon.
You worshipped Trog.
Trog was most pleased with you.
You were very hungry.

You visited 1 branch of the dungeon, and saw 4 of its levels.

You collected 161 gold pieces.


Innate Abilities, Weirdness & Mutations

You are resistant to torment.
Your stone body is resilient. (AC +4)
You are immune to poison.
You resist negative energy. (rN+)
You are resistant to electric shocks. (rElec)
You can survive without breathing.
You are immune to petrification.
You are immune to rotting.


   Skills:
 - Level 4.8 Fighting
 + Level 6.9 Axes
 - Level 2.1 Armour
 - Level 1.5 Dodging


You had 6 spell levels left.
You didn't know any spells.

Inventory:

Hand Weapons
 j - a +0 whip of flaming
 Y - a +0 broad axe (weapon)
Armour
 b - a +0 helmet (worn)
 g - a +0 scale mail (worn)
 h - a +0 pair of boots (worn)
 o - a +0 pair of gloves (worn)
Scrolls
 l - a scroll of identify
 n - 3 scrolls of remove curse
Potions
 d - a potion of resistance {unknown}
 e - a potion of magic {unknown}
 i - a potion of agility {unknown}
 k - a potion of curing {unknown}
Comestibles
 a - a chunk of flesh
 c - 4 rations

Dungeon Overview and Level Annotations

Branches:
Dungeon (4/15)             Temple (0/1) D:4

Altars:
Gozag
Sif Muna
Trog
Uskayaw
Vehumet
Zin


Message History

The magic dart hits you!
You are feeling very hungry.
You closely miss the orc wizard.
The orc wizard is moderately wounded.
You completely miss something.
The orc wizard casts a spell.
The orc wizard blinks!
The orc wizard hits you but does no damage.
Something hits you but does no damage.
The orc wizard hits you but does no damage.
Something hits you but does no damage.
You closely miss the orc wizard.
The orc wizard is almost dead.
You miss something. You barely miss the orc wizard.
You recover from your berserk rage.
An orc wizard appears from thin air!
Reactivating autopickup.
The orc wizard points at you and mumbles some strange words.
The magic dart hits you!
You die...

#..>..'.........
......
+.....#.........
?.....
#.....#.........
.....
#####'##...######....
#.####+##......#
#.......'......#
#.......#%.....+
#.......#...o.(#...
#.......#.o@.......
#....####.)o...###.
######...).....#.#.
#.......###.#
#.?.....#..:..
#.......# #.##
#........ .#.
#......... #.
#.......#..


You could see 3 orc wizards.

Vanquished Creatures
  Menkaure (D:4)
  An ogre (D:4)
  A howler monkey (D:4)
  2 hounds (D:4)
  2 worker ants (D:4)
  3 orc wizards
  Robin (D:4)
  4 adders
  A worm (D:1)
  A dart slug (D:1)
  2 leopard geckos (D:4)
  2 orcs (D:3)
  2 giant cockroaches
  13 hobgoblins
  8 jackals
  9 kobolds
  A quokka (D:3)
  A ball python (D:3)
  12 bats
  7 frilled lizards
  21 goblins
  8 rats
103 creatures vanquished.

Notes
Turn   | Place    | Note
-------+----------+-------------------------------------------
     0 | D:1      | KleinerIrrer the Gargoyle Berserker began the quest for the Orb.
     0 | D:1      | Reached XP level 1. HP: 14/14 MP: 1/1
     0 | D:1      | 0 ||| counter = 1
   115 | D:1      | 115 ||| INVOKING Berserk.
   118 | D:1      | Reached skill level 3 in Axes
   328 | D:1      | Reached XP level 2. HP: 13/19 MP: 2/2
   417 | D:1      | 417 ||| DROPPING club.
   733 | D:1      | Reached XP level 3. HP: 14/23 MP: 3/3
  1129 | D:1      | 1129 ||| INVOKING Berserk.
  1538 | D:1      | Reached skill level 4 in Axes
  1631 | D:1      | 1631 ||| UPGRADING to ring mail.
  1641 | D:1      | 1641 ||| DROPPING +0 animal skin.
  1642 | D:1      | 1642 ||| UPGRADING to pair of boots.
  1647 | D:1      | 1647 ||| READING scroll labeled KYAXOA TARO.
  1648 | D:1      | 1648 ||| READING scroll labeled EPRIT RAREDUUME.
  1692 | D:2      | 1692 ||| STAIRDANCE
  1694 | D:1      | 1694 ||| INVOKING Berserk.
  1847 | D:2      | 1847 ||| SWAPPING to broad axe.
  1848 | D:2      | 1848 ||| DROPPING +0 hand axe.
  1871 | D:2      | Reached ** piety under Trog
  1944 | D:2      | Reached XP level 4. HP: 28/28 MP: 4/4
  2158 | D:2      | 2158 ||| INVOKING Berserk.
  2166 | D:2      | Reached skill level 5 in Axes
  2169 | D:2      | Reached XP level 5. HP: 32/32 MP: 5/5
  2218 | D:2      | 2218 ||| UPGRADING to mace.
  2219 | D:2      | 2219 ||| SWAPPING to +0 broad axe.
  2548 | D:2      | Found a hide-covered altar of Uskayaw.
  2552 | D:2      | Found a bloodstained altar of Trog.
  2557 | D:2      | Found a deep blue altar of Sif Muna.
  2560 | D:2      | 2560 ||| UPGRADING to pair of gloves.
  2565 | D:2      | 2565 ||| READING scroll labeled JUNGAA XOOX.
  2567 | D:2      | 2567 ||| READING scroll labeled NUNAJE TESKU.
  2568 | D:2      | 2568 ||| READING scroll labeled CATUTHR FUEQA.
  2569 | D:2      | 2569 ||| READING scroll labeled COC ZAUKEUS.
  2570 | D:2      | 2570 ||| READING scroll labeled ONWOISI QOUXT.
  2760 | D:3      | Found a faded altar of an unknown god.
  2760 | D:3      | Found a faded altar of an unknown god.
  2765 | D:3      | Found a radiant altar of Vehumet.
  2767 | D:3      | Found a glowing silver altar of Zin.
  2768 | D:3      | Found an opulent altar of Gozag.
  2819 | D:3      | 2819 ||| DROPPING +0 mace.
  2820 | D:3      | 2820 ||| UPGRADING to whip of flaming.
  2821 | D:3      | 2821 ||| SWAPPING to +0 broad axe.
  3093 | D:3      | 3093 ||| UPGRADING to helmet.
  3098 | D:3      | 3098 ||| UPGRADING to scale mail.
  3108 | D:3      | 3108 ||| DROPPING +0 ring mail.
  3109 | D:3      | 3109 ||| READING scroll labeled ZIMIAG SUVIC.
  3166 | D:4      | Noticed an ogre
  3171 | D:4      | 3171 ||| INVOKING Berserk.
  3175 | D:4      | Killed an ogre
  3339 | D:4      | Found a staircase to the Ecumenical Temple.
  3356 | D:4      | Noticed Robin
  3366 | D:4      | Reached *** piety under Trog
  3366 | D:4      | Reached XP level 6. HP: 40/40 MP: 6/6
  3389 | D:4      | Killed Robin
  3623 | D:4      | Noticed Menkaure
  3625 | D:4      | Reached skill level 6 in Axes
  3626 | D:4      | 3626 ||| INVOKING Berserk.
  3630 | D:4      | Killed Menkaure
  3630 | D:4      | Reached XP level 7. HP: 44/44 MP: 7/7
  3656 | D:4      | HP: 7/44 [something/puff of flame (10)]
  3659 | D:4      | HP: 2/44 [something/magic dart (3)]
  3661 | D:4      | Killed from afar by an orc wizard

Vault maps used:
D:1:      dpeg_arrival_shrine
D:2:      minitemple, minmay_quantized
D:3:      chequers_temple_overflow_minitemple, first_ration
D:4:      temple_green, minmay_a_box_with_orc_wizards_in_it, uniq_eustachio,
          uniq_menkaure, uniq_robin

Skill      XL: |  1  2  3  4  5  6 |
---------------+-------------------+-----
Axes           | 3 4 5 6 |  6.9
Fighting       | 4 |  4.8
Armour         | |  2.1
Dodging        | |  1.5

Action                   |  1- 3 |  4- 6 |  7- 9 || total
-------------------------+-------+-------+-------++-------
Melee: Hand axe          |   126 |       |       ||   126
       Broad axe         |    11 |   136 |    19 ||   166
Throw: Tomahawk          |       |    10 |       ||    10
Invok: Berserk           |     3 |     3 |       ||     6
  Use: Scroll            |     2 |     6 |       ||     8
  Eat: Chunk             |     6 |     8 |       ||    14
Armor: Animal skin       |    24 |       |       ||    24
       Ring mail         |     7 |    39 |       ||    46
       Scale mail        |       |    44 |    62 ||   106
Dodge: Dodged            |    80 |    79 |    28 ||   187

Table legend:
 A = Spawn XP
 B = Non-spawn XP
 C = Spawn XP percentage of total XP
 D = Spawn monster count
 E = Non-spawn monster count
 F = Spawn count percentage of total count
 G = Total turns spent on level
                    A         B        C        D         E        F      G
               +---------+---------+-------+---------+---------+-------+---------
         Total |       0 |     821 |   0.0 |       0 |     103 |   0.0 |  3661
               +---------+---------+-------+---------+---------+-------+---------
           D:1 |       0 |      59 |   0.0 |       0 |      35 |   0.0 |  1747
           D:2 |       0 |     110 |   0.0 |       0 |      27 |   0.0 |   848
           D:3 |       0 |      29 |   0.0 |       0 |      15 |   0.0 |   533
           D:4 |       0 |     623 |   0.0 |       0 |      26 |   0.0 |   533
               +---------+---------+-------+---------+---------+-------+---------
